 Dungeon Crawl Stone Soup version 0.27.0-1-g7a089689b8 (webtiles) character file.

Game seed: 17612081767705718816

143 dolemite99 the Ruffian (level 5, -5/45 HPs)
             Began as a Troll Hedge Wizard on Aug 11, 2021.
             Was a Follower of Qazlal.
             Killed from afar by an orc wizard (7 damage)
             ... with a puff of flame
             ... on level 3 of the Dungeon.
             The game lasted 00:02:07 (1823 turns).

dolemite99 the Ruffian (Troll Hedge Wizard)         Turns: 1823, Time: 00:02:07

Health: -5/45      AC:  4    Str: 19    XL:     5   Next: 4%
Magic:  7/7        EV:  9    Int: 10    God:    Qazlal [*.....]
Gold:   38         SH:  0    Dex:  9    Spells: 7/8 levels left

rFire    . . .     SeeInvis .     - Unarmed
rCold    . . .     Faith    .   (no shield)
rNeg     . . .     Spirit   .   b - +0 robe
rPois    .         Reflect  .   c - +0 hat
rElec    .         Harm     .   (no cloak)
rCorr    .         Rampage  .   (gloves unavailable)
Will     .....                  (boots unavailable)
Stlth    +.........             (no amulet)
HPRegen  1.15/turn              (no ring)
MPRegen  0.10/turn              (no ring)

@: confused, flying
A: large, unfitting armour, claws 3, regeneration 1, shaggy fur 1, tough skin 1
a: Renounce Religion


You were on level 3 of the Dungeon.
You worshipped Qazlal.
Qazlal was aware of your devotion.
You visited 1 branch of the dungeon, and saw 3 of its levels.

You collected 38 gold pieces.

Inventory:

Hand Weapons
 a - a +0 dagger
Missiles
 d - 35 bolts
 k - 40 sling bullets
 n - 3 datura-tipped darts
 q - 27 stones
Armour
 b - a +0 robe (worn)
 c - a +0 hat (worn)
 o - a +0 tower shield
Magical Staves
 l - a staff of poison
Scrolls
 f - a scroll of identify {unknown}
 i - a scroll of blinking {unknown}
 j - 3 scrolls of teleportation {unknown}
 m - a scroll of fog {unknown}
 r - a scroll of vulnerability {unknown}
 s - a scroll of magic mapping {unknown}
Potions
 e - 2 potions of flight
 g - a potion of resistance {unknown}
 h - a potion of berserk rage {unknown}
 p - a potion of mutation {unknown}


   Skills:
 - Level 1.5 Dodging
 - Level 1.0 Stealth
 + Level 4.7 Unarmed Combat
 - Level 2.0 Spellcasting
 - Level 0.6 Conjurations
 - Level 0.6 Summonings
 - Level 0.6 Translocations


You had 7 spell levels left.
You knew the following spells:

 Your Spells              Type           Power      Damage    Failure   Level
a - Magic Dart            Conj           8%         1d3       24%         1

Your spell library contained the following spells:

 Spells                   Type           Power      Damage    Failure   Level
 Blink                    Tloc           N/A        N/A       36%         2
 Call Imp                 Summ           2%         N/A       36%         2
 Slow                     Hex            1%         N/A       43%         2
 Conjure Flame            Conj/Fire      1%         6-21      63%         3
 Mephitic Cloud           Conj/Pois/Air  1%         N/A       65%         3
 Ignite Poison            Fire/Tmut/Pois 1%         N/A       67%         3
 Bolt of Magma            Conj/Fire/Erth 0%         4d4       100%        5


Dungeon Overview and Level Annotations

Branches:
Dungeon (3/15)

Altars:
Qazlal
Trog


Innate Abilities, Weirdness & Mutations

You are too large for most types of armour.
You have claws for hands.
Your natural rate of healing is unusually fast.
You are covered in fur. (AC +1)
You have tough skin. (AC +1)


Message History

There is a stone staircase leading up here.
You barely miss the orc wizard. The orc wizard barely misses you.
An orc comes into view. It is wielding a +0 dagger.
You miss the orc wizard.
The orc wizard hits you with a +0 dagger.
The orc hits you but does no damage.
You scratch the orc wizard.
The orc wizard is heavily wounded.
The orc wizard hits you but does no damage.
The orc hits you with a +0 dagger.
You barely miss the orc wizard.
The orc wizard is heavily wounded.
The orc wizard hits you but does no damage.
The orc hits you with a +0 dagger.
You closely miss the orc wizard.
The orc wizard is heavily wounded.
The orc wizard casts a spell at you.
You are confused.
The orc barely misses you.
You miss the orc. The orc wizard barely misses you.
The orc hits you with a +0 dagger.
The orc wizard hits you with a +0 dagger.
There is a stone staircase leading up here.
You bump into the rock wall.
The orc wizard gestures at you while chanting.
The puff of flame hits you!
* * * LOW HITPOINT WARNING * * *
The orc hits you but does no damage. The orc wizard casts a spell at you.
The magic dart hits you.
* * * LOW HITPOINT WARNING * * *
The orc wizard hits you with a +0 dagger.
* * * LOW HITPOINT WARNING * * *
It was a potion of flight.
You feel very buoyant.
You fly up into the air.
The orc hits you with a +0 dagger.
* * * LOW HITPOINT WARNING * * *
The orc wizard gestures at you while chanting.
The puff of flame hits you!
You die...

..) ..#
..### ##...
... #.#
#..#####.#
#......oo#
##.####.@#
#))# ##..#
#...#####.#.
#...)..o....
#...#####.##
##..# #..#
#^..


You could see an orc wizard and an orc.

Vanquished Creatures
  A centaur zombie (D:3)
  An orc priest (D:3)
  4 adders (D:2)
  3 dart slugs
  2 orcs (D:3)
  3 endoplasms
  7 goblins
  A hobgoblin (D:1)
  A ball python (D:2)
  3 bats
  4 frilled lizards (D:2)
  6 kobolds
  5 rats
41 creatures vanquished.

Notes
Turn   | Place    | Note
-------+----------+-------------------------------------------
     0 | D:1      | dolemite99 the Troll Hedge Wizard began the quest for the
                  | Orb.
     0 | D:1      | Reached XP level 1. HP: 16/16 MP: 2/2
    63 | D:1      | Reached skill level 1 in Unarmed Combat
   280 | D:1      | Reached XP level 2. HP: 24/24 MP: 2/4
   345 | D:1      | Reached skill level 2 in Unarmed Combat
   468 | D:1      | Found a faded altar of an unknown god.
   487 | D:1      | Became a worshipper of Qazlal Stormbringer
   487 | D:1      | Reached * piety under Qazlal
   657 | D:2      | Reached XP level 3. HP: 19/31 MP: 5/5
   868 | D:2      | Reached skill level 3 in Unarmed Combat
  1282 | D:2      | Found a bloodstained altar of Trog.
  1411 | D:2      | Reached XP level 4. HP: 39/39 MP: 3/6
  1784 | D:3      | Reached skill level 4 in Unarmed Combat
  1797 | D:3      | Reached XP level 5. HP: 13/45 MP: 7/7
  1822 | D:3      | HP: 1/45 [orc wizard (3)]
  1823 | D:3      | Killed from afar by an orc wizard

Illustrated notes

Levels and vault maps discovered:
D:1:      scummos_arrival_simple_crosswalls, layout_basic,
          basic_ecumenical_altar, minmay_tree_intersection
D:2:      layout_loops_corners, basic_altar, grunt_decor_junction
D:3:      layout_loops_ring, nicolae_vehumet_altar_sigil, serial_shops, shop,
          nicolae_shop_crystal, minmay_liquid_box

Skill      XL: |  1  2  3  4 |
---------------+-------------+-----
Unarmed Combat | 1 2 3 4 |  4.7
Dodging        | |  1.5
Stealth        | |  1.0
Spellcasting   | |  2.0
Conjurations   | |  0.6
Summonings     | |  0.6
Translocations | |  0.6

Action                   |  1- 3 |  4- 6 || total
-------------------------+-------+-------++-------
Melee: Unarmed           |    90 |    33 ||   123
 Cast: Magic Dart        |    18 |     3 ||    21
  Use: Potion            |       |     1 ||     1
Armor: Robe              |    32 |    18 ||    50
Dodge: Dodged            |    40 |    26 ||    66
Block: Other             |     3 |       ||     3
